[ AOE2 MATCH · #506491708 ]
UnrankedJapanese vs Shu
Player's team · WIN
Rival team · LOSS
[ REPLAY ANALYSIS · EXTRACTED FROM THE RECORDED GAME ]
Feudal
10:09
Castle
21:08
Imperial
37:45
| APM avg | 73.1 |
| APM peak | 121 |
| eAPM avg | 39.1 |
| Villagers / military | 247 / 1556 |
Focus
⚔️ 55.8% · 🌾 44.2%
Scout Cavalry ×858 · Skirmisher ×473 · Cavalry Archer ×144 · Samurai ×37 · Trebuchet (Packed) ×14 · Knight ×9
Feudal
9:15
Castle
22:08
Imperial
40:17
| APM avg | 64.0 |
| APM peak | 140 |
| eAPM avg | 38.2 |
| Villagers / military | 248 / 1497 |
Focus
⚔️ 56.1% · 🌾 43.9%
Skirmisher ×732 · Archer ×372 · Spearman ×331 · White Feather Guard ×46 · Unknown (1944) ×15 · Traction Trebuchet ×13
Match map
Initial resources + every placement click. Lines = walls · curves = elevation contours. ◆ gold · ⬟ stone · ● berries · ✦ relic · ◌ wall gap
Your base· Open — 5t gap
ITzMfPDiddy's base· Open — 3t gap
Smoothed initial terrain · ◌ = detected wall gap · hover for details
Inputs per minute
— RiffRaff - - ITzMfPDiddy
Build order — RiffRaff
First 150 of 1929 actions detected
| 0:00 | Queue | Villager (Male) |
| 0:01 | Build | House |
| 0:02 | Build | House |
| 0:12 | Queue | Villager (Male) |
| 0:12 | Queue | Villager (Male) |
| 0:23 | Queue | Villager (Male) |
| 0:23 | Queue | Villager (Male) |
| 1:31 | Queue | Villager (Male) |
| 1:31 | Queue | Villager (Male) |
| 1:51 | Build | Lumber Camp |
| 1:58 | Queue | Villager (Male) |
| 2:21 | Queue | Villager (Male) |
| 2:54 | Queue | Villager (Male) |
| 3:12 | Queue | Villager (Male) |
| 3:39 | Queue | Villager (Male) |
| 3:57 | Build | House |
| 4:00 | Queue | Villager (Male) |
| 4:22 | Build | Barracks |
| 4:33 | Queue | Villager (Male) |
| 4:44 | Build | House |
| 4:49 | Build | House |
| 4:55 | Queue | Villager (Male) |
| 5:19 | Queue | Villager (Male) |
| 5:44 | Queue | Villager (Male) |
| 6:01 | Queue | Militia |
| 6:01 | Queue | Militia |
| 6:08 | Queue | Villager (Male) |
| 6:28 | Queue | Militia |
| 6:37 | Queue | Villager (Male) |
| 7:00 | Build | Mill |
| 7:04 | Queue | Villager (Male) |
| 7:22 | Queue | Villager (Male) |
| 7:26 | Research | Loom |
| 7:59 | Research | Feudal Age |
| 9:06 | Build | Farm |
| 9:06 | Build | Farm |
| 9:33 | Queue | Villager (Male) |
| 9:37 | Build | House |
| 10:02 | Build | House |
| 10:02 | Build | House |
| 10:09 | Age | Feudal Age |
| 10:13 | Queue | Villager (Male) |
| 10:17 | Build | Archery Range |
| 10:19 | Build | House |
| 10:20 | Build | Palisade Wall |
| 10:32 | Queue | Villager (Male) |
| 10:42 | Research | Double-Bit Axe |
| 10:53 | Queue | Villager (Male) |
| 11:07 | Build | Mining Camp |
| 11:13 | Queue | Skirmisher |
| 11:13 | Queue | Skirmisher |
| 11:26 | Queue | Villager (Male) |
| 11:28 | Build | Farm |
| 11:33 | Queue | Villager (Male) |
| 11:43 | Research | Man-at-Arms (upgrade) |
| 11:43 | Research | Man-at-Arms (upgrade) |
| 11:52 | Research | Horse Collar |
| 12:00 | Build | House |
| 12:02 | Build | Palisade Wall |
| 12:08 | Queue | Villager (Male) |
| 12:09 | Queue | Skirmisher |
| 12:44 | Queue | Villager (Male) |
| 12:45 | Queue | Villager (Male) |
| 13:01 | Build | Blacksmith |
| 13:03 | Build | House |
| 13:14 | Queue | Villager (Male) |
| 13:20 | Queue | Skirmisher |
| 13:28 | Build | Farm |
| 13:30 | Build | Farm |
| 13:32 | Build | Farm |
| 13:37 | Queue | Skirmisher |
| 13:41 | Build | Palisade Wall |
| 13:43 | Build | Palisade Wall |
| 14:02 | Queue | Militia |
| 14:17 | Queue | Villager (Male) |
| 14:17 | Queue | Villager (Male) |
| 14:24 | Queue | Skirmisher |
| 14:24 | Queue | Skirmisher |
| 14:29 | Build | Farm |
| 14:30 | Build | Farm |
| 14:30 | Build | Farm |
| 14:34 | Build | Farm |
| 14:41 | Build | Farm |
| 14:48 | Queue | Villager (Male) |
| 14:50 | Research | Fletching |
| 14:51 | Queue | Villager (Male) |
| 14:53 | Build | Farm |
| 15:01 | Build | House |
| 15:05 | Build | House |
| 15:13 | Queue | Skirmisher |
| 15:17 | Build | Farm |
| 15:34 | Queue | Skirmisher |
| 15:36 | Research | Padded Archer Armor |
| 15:57 | Queue | Villager (Male) |
| 16:05 | Build | Farm |
| 16:07 | Build | Farm |
| 16:09 | Build | Farm |
| 16:17 | Queue | Villager (Male) |
| 16:24 | Build | Lumber Camp |
| 16:46 | Queue | Villager (Male) |
| 16:47 | Queue | Skirmisher |
| 17:05 | Queue | Villager (Male) |
| 17:16 | Build | Market |
| 17:23 | Queue | Skirmisher |
| 17:37 | Queue | Villager (Male) |
| 18:28 | Research | Castle Age |
| 18:47 | Research | Wheelbarrow |
| 18:54 | Build | Archery Range |
| 19:42 | Build | Archery Range |
| 20:04 | Research | Gold Mining |
| 20:10 | Build | Farm |
| 20:12 | Build | Farm |
| 20:32 | Build | Palisade Gate |
| 20:51 | Queue | Villager (Male) |
| 21:01 | Queue | Militia |
| 21:01 | Queue | Militia |
| 21:08 | Age | Castle Age |
| 21:11 | Queue | Cavalry Archer |
| 21:11 | Queue | Cavalry Archer |
| 21:11 | Queue | Cavalry Archer |
| 21:11 | Queue | Cavalry Archer |
| 21:15 | Research | Bow Saw |
| 21:17 | Queue | Villager (Male) |
| 21:20 | Queue | Cavalry Archer |
| 21:20 | Queue | Cavalry Archer |
| 21:41 | Queue | Cavalry Archer |
| 21:51 | Build | House |
| 21:52 | Build | House |
| 21:52 | Build | House |
| 22:00 | Queue | Villager (Male) |
| 22:01 | Research | Bodkin Arrow |
| 22:15 | Queue | Villager (Male) |
| 22:26 | Build | Town Center |
| 22:37 | Queue | Cavalry Archer |
| 22:38 | Queue | Cavalry Archer |
| 22:39 | Queue | Cavalry Archer |
| 22:39 | Queue | Villager (Male) |
| 22:48 | Research | Wheelbarrow |
| 22:48 | Research | Town Watch |
| 22:52 | Queue | Villager (Male) |
| 22:56 | Build | House |
| 23:05 | Queue | Villager (Male) |
| 23:23 | Research | Elite Skirmisher (upgrade) |
| 23:28 | Queue | Villager (Male) |
| 23:29 | Queue | Cavalry Archer |
| 23:29 | Queue | Cavalry Archer |
| 23:34 | Queue | Villager (Male) |
| 23:58 | Queue | Cavalry Archer |
| 24:00 | Queue | Villager (Male) |
| 24:01 | Queue | Villager (Male) |
Build order — ITzMfPDiddy
First 150 of 2069 actions detected
| 0:00 | Queue | Villager (Male) |
| 0:01 | Build | House |
| 0:02 | Build | House |
| 0:13 | Queue | Villager (Male) |
| 0:21 | Queue | Villager (Male) |
| 0:26 | Queue | Villager (Male) |
| 1:30 | Queue | Villager (Male) |
| 1:48 | Queue | Villager (Male) |
| 1:54 | Build | Lumber Camp |
| 2:20 | Queue | Villager (Male) |
| 2:41 | Queue | Villager (Male) |
| 3:03 | Queue | Villager (Male) |
| 3:38 | Queue | Villager (Male) |
| 3:52 | Build | House |
| 3:53 | Build | House |
| 4:01 | Queue | Villager (Male) |
| 4:20 | Queue | Villager (Male) |
| 4:53 | Queue | Villager (Male) |
| 5:00 | Build | Mill |
| 5:10 | Queue | Villager (Male) |
| 5:29 | Queue | Villager (Male) |
| 5:52 | Queue | Villager (Male) |
| 5:55 | Research | Loom |
| 7:05 | Research | Feudal Age |
| 7:15 | Build | Lumber Camp |
| 7:40 | Build | Mining Camp |
| 8:06 | Build | House |
| 8:08 | Build | Palisade Wall |
| 8:12 | Build | Palisade Wall |
| 8:14 | Build | Palisade Wall |
| 8:18 | Build | Palisade Wall |
| 8:22 | Build | Palisade Wall |
| 8:51 | Build | Barracks |
| 8:59 | Build | House |
| 9:02 | Build | Palisade Wall |
| 9:04 | Build | Palisade Wall |
| 9:07 | Build | Palisade Wall |
| 9:12 | Queue | Villager (Male) |
| 9:15 | Age | Feudal Age |
| 9:18 | Build | House |
| 9:37 | Build | Palisade Wall |
| 9:39 | Build | Palisade Wall |
| 9:41 | Queue | Villager (Male) |
| 9:58 | Build | Archery Range |
| 10:05 | Research | Double-Bit Axe |
| 10:06 | Queue | Villager (Male) |
| 10:23 | Queue | Villager (Male) |
| 10:33 | Queue | Archer |
| 10:35 | Queue | Villager (Male) |
| 10:40 | Queue | Archer |
| 10:41 | Queue | Villager (Male) |
| 10:58 | Build | Palisade Wall |
| 11:08 | Queue | Archer |
| 11:12 | Build | Palisade Wall |
| 11:13 | Build | Palisade Wall |
| 11:15 | Build | Blacksmith |
| 11:16 | Build | Palisade Wall |
| 11:21 | Queue | Archer |
| 11:28 | Queue | Villager (Male) |
| 11:42 | Queue | Villager (Male) |
| 11:54 | Queue | Villager (Male) |
| 12:00 | Build | Palisade Wall |
| 12:03 | Build | Palisade Wall |
| 12:17 | Queue | Archer |
| 12:57 | Queue | Villager (Male) |
| 13:14 | Queue | Villager (Male) |
| 13:18 | Queue | Archer |
| 13:18 | Queue | Villager (Male) |
| 14:17 | Queue | Villager (Male) |
| 14:45 | Queue | Villager (Male) |
| 14:47 | Build | Farm |
| 14:51 | Build | Farm |
| 14:52 | Build | Farm |
| 14:52 | Build | Farm |
| 14:52 | Build | Farm |
| 15:00 | Build | Farm |
| 15:01 | Build | Farm |
| 15:01 | Build | Farm |
| 15:06 | Queue | Villager (Male) |
| 15:10 | Queue | Archer |
| 15:15 | Build | House |
| 15:16 | Build | House |
| 15:27 | Queue | Villager (Male) |
| 15:37 | Queue | Archer |
| 15:51 | Build | Market |
| 15:59 | Build | Lumber Camp |
| 16:03 | Queue | Archer |
| 16:09 | Build | Palisade Gate |
| 16:11 | Build | House |
| 16:25 | Research | Fletching |
| 16:25 | Queue | Archer |
| 16:29 | Queue | Villager (Male) |
| 16:36 | Build | House |
| 16:38 | Build | House |
| 16:49 | Build | Palisade Wall |
| 16:50 | Queue | Villager (Male) |
| 17:13 | Queue | Archer |
| 17:15 | Build | Archery Range |
| 17:20 | Research | Padded Archer Armor |
| 17:20 | Queue | Villager (Male) |
| 17:30 | Queue | Skirmisher |
| 17:33 | Build | Palisade Wall |
| 17:46 | Queue | Villager (Male) |
| 17:51 | Build | Mill |
| 17:52 | Build | Farm |
| 17:52 | Build | Farm |
| 17:52 | Build | Farm |
| 17:53 | Build | Farm |
| 17:53 | Build | Farm |
| 17:53 | Build | Farm |
| 17:53 | Build | Farm |
| 17:56 | Queue | Archer |
| 17:56 | Queue | Archer |
| 17:58 | Build | Farm |
| 18:02 | Queue | Skirmisher |
| 18:05 | Queue | Villager (Male) |
| 18:24 | Queue | Archer |
| 18:28 | Queue | Skirmisher |
| 18:32 | Queue | Villager (Male) |
| 18:57 | Build | Palisade Wall |
| 19:03 | Queue | Villager (Male) |
| 19:25 | Research | Castle Age |
| 19:30 | Queue | Archer |
| 19:38 | Queue | Skirmisher |
| 19:43 | Build | House |
| 19:48 | Build | House |
| 19:49 | Build | House |
| 19:50 | Build | House |
| 20:00 | Queue | Skirmisher |
| 20:00 | Queue | Archer |
| 20:24 | Build | Farm |
| 20:28 | Queue | Archer |
| 20:28 | Queue | Skirmisher |
| 20:44 | Build | Stable |
| 20:51 | Research | Scale Barding Armor |
| 21:07 | Queue | Skirmisher |
| 21:07 | Queue | Archer |
| 21:12 | Build | Farm |
| 21:21 | Research | Gold Mining |
| 21:23 | Queue | Skirmisher |
| 21:23 | Queue | Archer |
| 21:49 | Research | Horse Collar |
| 22:02 | Queue | Skirmisher |
| 22:02 | Queue | Archer |
| 22:08 | Age | Castle Age |
| 22:10 | Research | Chain Barding Armor |
| 22:11 | Queue | Unit 1944 |
| 22:21 | Research | Bodkin Arrow |
| 22:27 | Queue | Villager (Male) |
| 22:37 | Build | Town Center |
Match timeline
| 4:22 | RiffRaff · first_building Barracks |
| 8:08 | ITzMfPDiddy · wall_segment Palisade Wall x1 |
| 8:12 | ITzMfPDiddy · wall_segment Palisade Wall x1 |
| 8:14 | ITzMfPDiddy · wall_segment Palisade Wall x1 |
| 8:18 | ITzMfPDiddy · wall_segment Palisade Wall x1 |
| 8:22 | ITzMfPDiddy · wall_segment Palisade Wall x1 |
| 8:51 | ITzMfPDiddy · first_building Barracks |
| 9:02 | ITzMfPDiddy · wall_segment Palisade Wall x1 |
| 9:04 | ITzMfPDiddy · wall_segment Palisade Wall x1 |
| 9:07 | ITzMfPDiddy · wall_segment Palisade Wall x1 |
| 9:15 | ITzMfPDiddy · age_up feudal |
| 9:37 | ITzMfPDiddy · wall_segment Palisade Wall x1 |
| 9:39 | ITzMfPDiddy · wall_segment Palisade Wall x1 |
| 9:58 | ITzMfPDiddy · first_building Archery Range |
| 10:09 | RiffRaff · age_up feudal |
| 10:17 | RiffRaff · first_building Archery Range |
| 10:20 | RiffRaff · wall_segment Palisade Wall x6 |
| 10:58 | ITzMfPDiddy · wall_segment Palisade Wall x1 |
| 11:12 | ITzMfPDiddy · wall_segment Palisade Wall x1 |
| 11:13 | ITzMfPDiddy · wall_segment Palisade Wall x6 |
| 11:16 | ITzMfPDiddy · wall_segment Palisade Wall x1 |
| 12:00 | ITzMfPDiddy · wall_segment Palisade Wall x1 |
| 12:02 | RiffRaff · wall_segment Palisade Wall x6 |
| 12:03 | ITzMfPDiddy · wall_segment Palisade Wall x6 |
| 13:41 | RiffRaff · wall_segment Palisade Wall x4 |
| 13:43 | RiffRaff · wall_segment Palisade Wall x14 |
| 16:49 | ITzMfPDiddy · wall_segment Palisade Wall x1 |
| 17:33 | ITzMfPDiddy · wall_segment Palisade Wall x1 |
| 18:07 | RiffRaff · first_market_sell 100 wood |
| 18:09 | RiffRaff · first_market_buy 100 food |
| 18:19 | ITzMfPDiddy · first_market_sell 100 stone |
| 18:21 | ITzMfPDiddy · first_market_buy 100 food |
| 18:57 | ITzMfPDiddy · wall_segment Palisade Wall x1 |
| 20:44 | ITzMfPDiddy · first_building Stable |
| 21:08 | RiffRaff · age_up castle |
| 22:08 | ITzMfPDiddy · age_up castle |
| 24:56 | RiffRaff · first_building Siege Workshop |
| 25:39 | RiffRaff · first_building Stable |
| 27:46 | ITzMfPDiddy · first_building Monastery |
| 34:59 | ITzMfPDiddy · first_building Castle |
| 35:06 | RiffRaff · first_building Castle |
| 35:29 | RiffRaff · first_building Monastery |
| 37:45 | RiffRaff · age_up imperial |
| 38:42 | ITzMfPDiddy · first_building Siege Workshop |
| 40:17 | ITzMfPDiddy · age_up imperial |
| 42:49 | RiffRaff · wall_segment Palisade Wall x1 |
| 42:49 | RiffRaff · wall_segment Palisade Wall x2 |
| 43:47 | ITzMfPDiddy · wall_segment Palisade Wall x1 |
| 43:48 | ITzMfPDiddy · wall_segment Palisade Wall x1 |
| 45:59 | ITzMfPDiddy · wall_segment Stone Wall x15 |
| 81:49 | ITzMfPDiddy · wall_segment Palisade Wall x1 |
| 81:53 | ITzMfPDiddy · wall_segment Palisade Wall x4 |
| 81:55 | ITzMfPDiddy · wall_segment Palisade Wall x18 |
| 88:02 | ITzMfPDiddy · wall_segment Palisade Wall x22 |
| 90:02 | ITzMfPDiddy · wall_segment Palisade Wall x1 |
| 91:59 | ITzMfPDiddy · wall_segment Palisade Wall x3 |
| 92:02 | ITzMfPDiddy · wall_segment Palisade Wall x17 |
| 104:59 | ITzMfPDiddy · resign |
[ AI ANALYSIS · 1 CREDIT ]
What really happened in this match?
Wolo.gg analyzes every decision: build order, eco, micro, common mistakes by bracket. Personalized analysis on WhatsApp or Discord in 30 seconds.
Civ guide
Japanese
Perfil
Jugador #756325